 Dungeon Crawl Stone Soup version 0.23.2-33-g5129a83184 (webtiles) character file.

Game seed: 16505562712505461222

611 psyvane the Chucker (level 7, -1/59 (62) HPs)
             Began as an Ogre Arcane Marksman on July 21, 2019.
             Slain by a hippogriff (2 damage)
             ... on level 8 of the Dungeon.
             The game lasted 00:24:46 (4303 turns).

psyvane the Chucker (Ogre Arcane Marksman)          Turns: 4303, Time: 00:24:47

HP:   -1/59 (62)    AC:  4    Str: 15    XL:     7   Next: 43%
MP:   2/8           EV: 10    Int: 15    God:
Gold: 123           SH:  0    Dex: 16    Spells: 2/8 levels left

rFire    . . .     SeeInvis .   h - +1 hand axe
rCold    . . .     Gourm    .   (no shield)
rNeg     . . .     Faith    .   a - +0 robe
rPois    +         Spirit   .   (helmet restricted)
rElec    .         Reflect  .   q - +0 cloak
rCorr    .         Harm     .   (gloves unavailable)
MR       .....                  (boots unavailable)
Stlth    +.........             p - amulet of regeneration
HPRegen  0.59/turn              b - ring of poison resistance
MPRegen  0.11/turn              k - +6 ring of dexterity

@: no status effects
A: large, unfitting armour, tough skin 1
a: no special abilities


You were on level 8 of the Dungeon.
You were hungry.

You visited 1 branch of the dungeon, and saw 7 of its levels.

You collected 123 gold pieces.

Inventory:

Hand Weapons
 h - a +1 hand axe (weapon)
 w - a +0 blowgun
Missiles
 j - 22 sling bullets
 m - 148 stones (quivered)
Armour
 a - a +0 robe (worn)
 q - a +0 cloak (worn)
 y - a +0 pair of boots
Jewellery
 b - a ring of poison resistance (left hand)
 c - an uncursed ring of ice
 k - a +6 ring of dexterity (right hand)
 p - an amulet of regeneration (around neck)
 s - an uncursed ring of positive energy
Wands
 f - a wand of iceblast (9)
Scrolls
 d - a scroll of teleportation {unknown}
 g - 2 scrolls of identify
 i - 5 scrolls of remove curse
 o - a scroll of amnesia
 v - a scroll of enchant weapon
Potions
 e - 2 potions of mutation
 l - a potion of brilliance
 n - a potion of magic
 u - 2 potions of curing
Comestibles
 r - 4 rations
 t - 2 chunks of flesh


   Skills:
 - Level 1.4 Fighting
 * Level 7.8 Throwing
 - Level 1.8 Dodging
 - Level 0.5 Unarmed Combat
 - Level 1.2 Spellcasting
 - Level 3.0 Hexes


You had 2 spell levels left.
You knew the following spells:

 Your Spells              Type           Power        Failure   Level  Hunger
a - Corona                Hex            ##.....      7%          1    ##.....
b - Slow                  Hex            ##......     11%         2    ###....
c - Portal Projectile     Hex/Tloc       #.....       36%         3    ####...

Your spell library contained the following spells:

 Spells                   Type           Power        Failure   Level  Hunger
 Magic Dart               Conj           #...         24%         1    ##.....
 Blink                    Tloc           N/A          36%         2    ###....
 Call Imp                 Summ           #.......     36%         2    ###....
 Searing Ray              Conj           #.....       36%         2    ###....
 Dazzling Spray           Conj/Hex       #.....       36%         3    ####...
 Inner Flame              Hex/Fire       #.......     36%         3    ####...
 Cause Fear               Hex            ##........   56%         4    #####..
 Conjure Flame            Conj/Fire      #.......     58%         3    ####...
 Mephitic Cloud           Conj/Pois/Air  #.......     58%         3    ####...
 Fulminant Prism          Conj/Hex       #.........   78%         4    #####..
 Leda's Liquefaction      Hex/Erth       #.........   78%         4    #####..
 Force Lance              Conj/Tloc      #.......     94%         4    #####..
 Iskenderun's Mystic Bla  Conj           #.......     94%         4    #####..


Dungeon Overview and Level Annotations

Branches:
Dungeon (8/15)
 Temple: D:4-7         Lair: D:8-11

Altars:
Uskayaw
Vehumet
Yredelemnul
The Shining One

Annotations:
D:7 Pikel


Innate Abilities, Weirdness & Mutations

You are too large for most types of armour.
You have tough skin. (AC +1)


Message History

The hippogriff claws you but does no damage.
You hit the hippogriff.
The hippogriff is heavily wounded.
The hippogriff completely misses you.
The hippogriff pecks you but does no damage.
The hippogriff claws you.
Casting: Slow (safe; 11% risk of failure)
Confirm with . or Enter, or press ? or * to list all spells.
Okay, then.
You hit the hippogriff but do no damage.
The hippogriff is heavily wounded.
The hippogriff bites you! The hippogriff pecks you.
* * * LOW HITPOINT WARNING * * *
The hippogriff claws you.
* * * LOW HITPOINT WARNING * * *
The hippogriff bites you!
* * * LOW HITPOINT WARNING * * *
The hippogriff pecks you but does no damage.
The hippogriff claws you.
You die...

.....# ..# ... #...
###...## .....
####..####......###....#
##..........###........##
#.....).......#..........
#....[.#......##........#
#.....##.................
#####........#..<....#
#..#@H##.........###.
#..##.......#....#...
#....#..>..#.#.#......
#...........#......##..
#...........##.#.....$#
###.....###....#...#.##
####..?.#.......####
#..........# ##...H.....#


You could see a hippogriff.

Vanquished Creatures
  2 slaves (D:7)
  A necrophage (D:8)
  A centaur (D:6)
  2 bullfrogs
  A howler monkey (D:6)
  A bullfrog zombie (D:7)
  A hound (D:7)
  2 orc wizards
  An iguana (D:6)
  A howler monkey skeleton (D:6)
  4 adders
  2 oozes
  A worm (D:6)
  A dart slug (D:1)
  2 leopard geckos (D:2)
  9 orcs
  A giant cockroach (D:7)
  5 goblins
  13 hobgoblins
  12 jackals
  5 kobolds
  A quokka (D:3)
  2 bats (D:2)
  5 frilled lizards
  8 rats
84 creatures vanquished.

Notes
Turn   | Place    | Note
-------+----------+-------------------------------------------
     0 | D:1      | psyvane the Ogre Arcane Marksman began the quest for the
                  | Orb.
     0 | D:1      | Reached XP level 1. HP: 19/19 MP: 2/2
   616 | D:1      | Reached XP level 2. HP: 25/27 MP: 1/3
   642 | D:1      | Learned a level 2 spell: Slow
  1059 | D:1      | HP: 1/27 [kobold (2)]
  1485 | D:1      | Reached XP level 3. HP: 27/33 MP: 2/4
  1931 | D:2      | Reached skill level 3 in Throwing
  2342 | D:2      | Reached XP level 4. HP: 40/41 MP: 2/5
  2568 | D:2      | Found a glowing golden altar of the Shining One.
  2568 | D:2      | Found a basalt altar of Yredelemnul.
  2572 | D:2      | Noticed an angel
  2586 | D:2      | Noticed a profane servitor
  2640 | D:2      | Found a radiant altar of Vehumet.
  2710 | D:3      | Noticed a hungry ghost
  2721 | D:2      | Reached skill level 4 in Throwing
  2879 | D:3      | Reached XP level 5. HP: 36/48 MP: 1/6
  2889 | D:3      | Learned a level 3 spell: Portal Projectile
  3234 | D:4      | You fall through a shaft for 2 floors!
  3234 | D:6      | Found a hide-covered altar of Uskayaw.
  3259 | D:6      | Reached skill level 5 in Throwing
  3259 | D:6      | Noticed a centaur
  3281 | D:6      | HP: 1/72 [centaur/cursed -3 shortbow (4)]
  3285 | D:6      | Killed a centaur
  3285 | D:6      | Reached XP level 6. HP: 2/55 MP: 0/7
  3430 | D:6      | Reached skill level 6 in Throwing
  3710 | D:7      | Noticed Pikel
  3710 | D:7      | Noticed a slave
  3710 | D:7      | Noticed a slave
  3760 | D:7      | Killed a slave
  3801 | D:7      | Noticed an orc warrior
  3801 | D:7      | Noticed a slave
  3804 | D:7      | Noticed a slave
  3826 | D:7      | Killed a slave
  3901 | D:7      | Noticed a necrophage
  4017 | D:7      | Reached skill level 7 in Throwing
  4076 | D:6      | Reached XP level 7. HP: 51/61 MP: 6/8
  4126 | D:8      | Noticed a hippogriff
  4303 | D:8      | HP: 1/59 [hippogriff (8)]
  4303 | D:8      | Slain by a hippogriff

Skill      XL: |  1  2  3  4  5  6 |
---------------+-------------------+-----
Hexes          | 3 |  3.0
Throwing       | 3 4 5 7 |  7.8
Fighting       | |  1.4
Dodging        | |  1.8
Unarmed Combat | |  0.5
Spellcasting   | |  1.2

Action                   |  1- 3 |  4- 6 |  7- 9 || total
-------------------------+-------+-------+-------++-------
Melee: Unarmed           |    74 |       |       ||    74
       Punch             |     1 |     2 |       ||     3
       Hand axe          |    41 |    98 |    29 ||   168
       Blowgun           |       |    31 |       ||    31
 Fire: Blowgun           |       |    18 |       ||    18
Throw: Large rock        |    12 |     8 |       ||    20
       Javelin           |    12 |    20 |       ||    32
       Throwing net      |       |     2 |       ||     2
 Cast: Corona            |    38 |    59 |    16 ||   113
       Slow              |       |    11 |     3 ||    14
Evoke: Wand              |       |       |     4 ||     4
  Use: Potion            |     2 |     4 |       ||     6
       Scroll            |     4 |     2 |       ||     6
  Eat: Chunk             |     2 |     9 |     1 ||    12
       Ration            |     1 |       |       ||     1
Armor: Robe              |    37 |    56 |    22 ||   115
       Skin              |       |    15 |       ||    15
Dodge: Dodged            |    77 |   119 |    34 ||   230
